 Dungeon Crawl Stone Soup version 0.30-a0-424-g7412bad402 (webtiles) character file.

Game seed: 6504596524738983624

1078 vineage the Fighter (level 8, -3/89 HPs)
             Began as an Ogre Fighter on Dec 9, 2022.
             Slain by a troll (13 damage)
             ... on level 5 of the Dungeon.
             The game lasted 00:04:32 (5824 turns).

vineage the Fighter (Ogre Fighter)                  Turns: 5824, Time: 00:04:33

Health: -3/89      AC:  3    Str: 22    XL:     8   Next: 29%
Magic:  8/8        EV: 11    Int:  8    God:
Gold:   204        SH:  0    Dex: 12    Spells: 7/7 levels left

rFire   . . .      SeeInvis .    q - +0 giant spiked club (protect)
rCold   . . .      Faith    .    (shield currently unavailable)
rNeg    . . .      Spirit   .    b - +0 robe
rPois   .          Reflect  .    (helmet restricted)
rElec   .          Harm     .    (no cloak)
rCorr   .          Rampage  .    (gloves unavailable)
Will    .....                    (boots unavailable)
Stlth   +.........               (no amulet)
HPRegen 0.34/turn                j - ring of wizardry
MPRegen 0.11/turn                (no ring)

@: mighty
A: large, unfitting armour, tough skin 1, hooves 1, agile 1, noise suppression
a: no special abilities


You were on level 5 of the Dungeon.
You visited 2 branches of the dungeon, and saw 7 of its levels.

You collected 204 gold pieces.

Inventory:

Hand Weapons
 a - a +1 flail
 q - a +0 giant spiked club of protection (weapon)
Armour
 b - a +0 robe (worn)
 c - a +0 kite shield
Jewellery
 j - a ring of wizardry (left hand)
Wands
 g - a wand of light (3)
Scrolls
 e - 2 scrolls of magic mapping
 f - a scroll of vulnerability
Potions
 i - 2 potions of heal wounds {unknown}
 k - a potion of flight
 n - 2 potions of curing
 o - 2 potions of magic


   Skills:
 * Level 8.7 Fighting
 * Level 5.5 Maces & Flails
 + Level 4.5 Dodging
 - Level 3.8 Shields


You had 7 spell levels left.
You didn't know any spells.
Your spell library contained the following spells:

 Spells                   Type           Power      Damage    Failure   Level
 Freeze                   Ice            0%         1d3       17%         1
 Ensorcelled Hibernation  Hex/Ice        0%         N/A       26%         2
 Passwall                 Tmut/Erth      0%         N/A       26%         2
 Frozen Ramparts          Ice            0%         1d1       45%         3
 Hailstorm                Conj/Ice       0%         3d3       45%         3
 Swiftness                Air            0%         N/A       45%         3


Dungeon Overview and Level Annotations

Branches:
Dungeon (6/15)             Temple (1/1) D:4

Altars:
Ashenzari
Cheibriados
Elyvilon
Gozag
Hepliaklqana
Kikubaaqudgha
Makhleb
Nemelex Xobeh
Qazlal
Ru
Sif Muna
Trog
Uskayaw
Vehumet
Wu Jian
Yredelemnul
Zin
The Shining One


Innate Abilities, Weirdness & Mutations

You are too large for most types of armour.
You have tough skin. (AC +1)
You have large cloven feet.
You are agile. (Dex +4, Str/Int -1)
You passively dampen the noise of your surroundings.


Message History

You open the door.
There is an open door here.
Key pressed, stopping explore.
Found a sling.
You open the door.
There is an open door here.
There is an open door here.
There is an open door here.
You open the door.
There is an open door here.
Done exploring.
Done exploring.
Done exploring.
As you read the scroll of identify, it crumbles to dust.
n - 2 potions of curing Search for what [? for help]? oka Can't find anything matching that.
Done exploring.
Done exploring.
(D) Dungeon (T) Temple
Where to? (Enter - D:5, ? - help)
There is a stone staircase leading down here.
You climb downwards.
The troll shouts!
The jelly quivers.
Found 22 gold pieces.
Found a stone staircase leading down.
There is a stone staircase leading up here.
There are monsters nearby!
The troll barely misses you. The troll claws you! x2
You climb upwards.
There is a stone staircase leading down here.
You closely miss the troll. The troll bites you! The troll claws you! x2
You feel very mighty all of a sudden. The troll bites you!
The troll misses you. The troll claws you!
* * * LOW HITPOINT WARNING * * *
You barely miss the troll. The troll bites you!
* * * LOW HITPOINT WARNING * * *
The troll claws you but does no damage. The troll misses you. x2
The troll claws you!
You die...

....# #.# #..##....... ....# #.#
#..####.#### .#### #.# ##..####.#
+## #.# #......#.# # ..## #.#
##..##.#.# ## <..## ##.#
##.##.#.###. ....## ##..####
#......##..
.....####...[..########....###...
.....'..........@T...........'...
.....####...##.########....###...
....######.#.....# ####.#.# ##..
...##.....##.#.#.# #......# ##.
..###.#........#.# #.###### ##
+## #.#.#.##.###.# #.# # .#
#.#.#.##.###.# #.#
<####.#.#.##.....# #.# ##
....#.....######## #.####### #.


You could see a troll.

Vanquished Creatures
  The ghost of Carabas the Magician, an amateur DEFE (D:4)
  A black bear (D:5)
  2 ogres (D:4)
  A kobold brigand (D:4)
  A necrophage (D:5)
  3 scorpions
  A hound (D:4)
  3 jellies
  Jessica (D:3)
  3 iguanas
  An orc wizard (D:4)
  6 adders
  A white imp (D:5)
  3 worms
  A dart slug (D:1)
  8 orcs
  8 endoplasms
  5 giant cockroaches
  4 goblins
  6 hobgoblins
  3 jackals (D:1)
  7 kobolds
  6 quokkas
  8 ball pythons
  8 bats
  A frilled lizard (D:3)
  9 rats
102 creatures vanquished.

Vanquished Creatures (others)
  4 plants (D:4)
4 creatures vanquished.

Grand Total: 106 creatures vanquished

Notes
Turn   | Place    | Note
-------+----------+-------------------------------------------
     0 | D:1      | vineage the Ogre Fighter began the quest for the Orb.
     0 | D:1      | Reached XP level 1. HP: 24/24 MP: 1/1
    72 | D:1      | Reached XP level 2. HP: 29/32 MP: 2/2
   218 | D:1      | Found a faded altar of an unknown god.
   476 | D:1      | Reached XP level 3. HP: 40/40 MP: 3/3
  1594 | D:2      | Reached XP level 4. HP: 49/49 MP: 4/4
  1618 | D:2      | Reached skill level 5 in Fighting
  1739 | D:2      | Found a burning altar of Makhleb.
  1997 | D:3      | Noticed Jessica
  2011 | D:3      | Killed Jessica
  2115 | D:3      | Reached XP level 5. HP: 48/57 MP: 5/5
  2278 | D:3      | Found a basalt altar of Yredelemnul.
  2283 | D:3      | Found a glowing golden altar of the Shining One.
  2283 | D:3      | Found a bloodstained altar of Trog.
  2661 | D:4      | Noticed an ogre
  2671 | D:4      | Killed an ogre
  2672 | D:4      | Reached skill level 6 in Fighting
  2672 | D:4      | Reached XP level 6. HP: 40/67 MP: 6/6
  3771 | D:4      | Reached XP level 7. HP: 73/76 MP: 7/7
  3803 | D:4      | Reached skill level 7 in Fighting
  3845 | D:4      | Found a runed translucent door.
  3846 | D:4      | Noticed Carabas's ghost (amateur DEFE)
  4313 | D:4      | Found a staircase to the Ecumenical Temple.
  4592 | Temple   | Entered the Ecumenical Temple
  4743 | D:4      | Killed Carabas's ghost
  4755 | D:4      | Gained mutation: You have large cloven feet. [potion of
                  | mutation]
  4755 | D:4      | Gained mutation: You passively dampen the noise of your
                  | surroundings. [potion of mutation]
  4755 | D:4      | Gained mutation: You are agile. (Dex +4, Str/Int -1)
                  | [potion of mutation]
  4891 | D:5      | Entered Level 5 of the Dungeon
  5077 | D:5      | Reached skill level 8 in Fighting
  5077 | D:5      | Reached skill level 5 in Maces & Flails
  5209 | D:5      | Reached XP level 8. HP: 81/88 MP: 8/8
  5818 | D:6      | Noticed a troll
  5824 | D:5      | Slain by a troll

Illustrated notes

Levels and vault maps discovered:
D:1:      reono_arrival_mine, layout_basic, hellmonk_ecumenical_altar_zigzags
D:2:      layout_loops_corners, basic_altar
D:3:      layout_rooms, grunt_temple_overflow_open, uniq_jessica
D:4:      minmay_wonky_spiral, layout_layer_cave, minmay_temple_entry_overgrown,
          ebering_ghost_reflecting_pool, minmay_unequal
D:5:      layout_loops_corners
D:6:      layout_cave_pools, grunt_decor_junction, uniq_sigmund
Temple:   hellmonk_temple_two_chambers

Skill      XL: |  1  2  3  4  5  6  7 |
---------------+----------------------+-----
Maces & Flails | 2 3 4 5 |  5.5
Dodging        | 3 4 |  4.5
Fighting       | 5 6 8 |  8.7
Shields        | |  3.8

Action                   |  1- 3 |  4- 6 |  7- 9 || total
-------------------------+-------+-------+-------++-------
Melee: Flail             |   128 |   108 |       ||   236
       Giant club        |       |    45 |    19 ||    64
       Giant spiked club |       |       |    44 ||    44
       Kick              |       |       |     8 ||     8
  Use: Scroll            |       |     8 |     8 ||    16
       Potion            |       |     1 |     3 ||     4
 Stab: Sleeping          |     1 |       |       ||     1
Armor: Robe              |    49 |    52 |    20 ||   121
Dodge: Dodged            |    57 |    76 |    37 ||   170
Block: Kite shield       |    62 |    49 |       ||   111

Table legend: (Time is in decaauts)
 A = Elapsed time spent in this place.
 B = Non-inter-level travel time spent in this place.
 C = Inter-level travel time spent in this place.
 D = Time resting spent in this place.
 E = Time spent auto-exploring this place.
 F = Levels seen in this place.
 G = Mean time per level.
                   A        B        C        D        E       F      G
               +--------+--------+--------+--------+--------+-----+--------+
         Total |   5968 |   5798 |    170 |    732 |   4232 |   7 |  852.6 |
       Dungeon |   5863 |   5702 |    161 |    732 |   4139 |   6 |  977.2 |
        Temple |    104 |     95 |      9 |      0 |     93 |   1 |  104.0 |
               +--------+--------+--------+--------+--------+-----+--------+

Top non-repeatable levels by time:
     D:4: 2269 daAuts
     D:2: 1040 daAuts
     D:1: 1006 daAuts
     D:5: 944 daAuts
     D:3: 600 daAuts
  Temple: 104 daAuts
     D:6: 2 daAuts
